2038 views
Uploaded 2023-08-09 16:48:42
Game version 1.36 (6115)
27:05 long 4on4 ladder game on (8)PaintedWorld_S2
Saved by DKnight
2038 views
Uploaded 2023-08-09 16:48:42
Game version 1.36 (6115)
27:05 long 4on4 ladder game on (8)PaintedWorld_S2


167 units @ 30k
/ 4.8k
68 buildings @ 12k
/ 4.3k


| Lesser Clarity Potion | 7 | 490 |
| Moonstone | 7 | 350 |
| Potion of Mana | 2 | 400 |
| Staff of Preservation | 2 | 300 |
| Potion of Healing | 2 | 300 |
| Orb of Venom | 1 | 325 |
| Scroll of Town Portal | 4 | 1400 |
| Scroll of Healing | 1 | 250 |
| Boots of Speed | 2 | 500 |
| Potion of Lesser Invulnerability | 1 | 150 |
| Potion of Invisibility | 1 | 100 |
| Tiny Great Hall | 1 | 600 |
| Mana Stone | 1 | 450 |
| Pendant of Energy | 1 | 300 |
| Sobi Mask | 1 | 400 |
| total: | 34 | 6315g |
| Wisp | 18 | 1080 | / | 0 |
| Archer | 22 | 2860 | / | 220 |
| Hippogryph | 9 | 1440 | / | 180 |
| total: | 49 | 5380g | / | 400w |
| Moon Well | 11 | 1980 | / | 440 |
| Ancient of War | 1 | 150 | / | 60 |
| Altar of Elders | 1 | 180 | / | 50 |
| Tree of Life | 3 | 1020 | / | 555 |
| Ancient of Wonders | 1 | 90 | / | 30 |
| Hunter's Hall | 1 | 210 | / | 100 |
| Ancient of Wind | 2 | 300 | / | 280 |
| Tree of Ages | 1 | 320 | / | 180 |
| Tree of Eternity | 1 | 330 | / | 200 |
| total: | 20 | 3930g | / | 1515w |
| 0:03 | Wisp |
| 0:03 | Wisp |
| 0:10 | Moon Well |
| 0:15 | Wisp |
| 0:23 | Ancient of War |
| 0:24 | Wisp |
| 0:41 | Wisp |
| 0:52 | Altar of Elders |
| 0:54 | Wisp |
| 1:17 | Moon Well |
| 1:20 | Wisp |
| 1:28 | Archer |
| 1:44 | Wisp |
| 1:44 | Wisp |
| 1:50 | Archer |
| 2:00 | Archer |
| 2:02 | Wisp |
| 2:16 | Wisp |
| 2:17 | Archer |
| 2:28 | Wisp |
| 2:33 | Breath of Fire |
| 2:38 | Wisp |
| 3:10 | Tree of Ages |
| 4:25 | Tree of Life |
| 4:29 | Moon Well |
| 4:31 | Ancient of Wonders |
| 4:37 | Archer |
| 4:37 | Archer |
| 4:51 | Drunken Haze |
| 4:56 | Archer |
| 5:40 | Boots of Speed |
| 5:41 | Breath of Fire |
| 5:51 | Archer |
| 5:53 | Moon Well |
| 5:56 | Ancient of Wind |
| 5:57 | Ancient of Wind |
| 6:44 | Cluster Rockets |
| 6:53 | Lesser Clarity Potion |
| 6:53 | Moonstone |
| 6:58 | Potion of Mana |
| 7:24 | Scroll of Town Portal |
| 7:31 | Wisp |
| 7:36 | Wisp |
| 7:36 | Wisp |
| 7:36 | Wisp |
| 8:19 | Nature's Blessing |
| 8:25 | Hippogryph |
| 9:23 | Hippogryph |
| 9:23 | Hippogryph |
| 9:24 | Archer |
| 9:25 | Archer |
| 9:25 | Archer |
| 9:27 | Moonstone |
| 9:27 | Lesser Clarity Potion |
| 9:29 | Lesser Clarity Potion |
| 9:38 | Scroll of Town Portal |
| 9:45 | Staff of Preservation |
| 10:02 | Hippogryph |
| 10:17 | Engineering Upgrade |
| 10:29 | Boots of Speed |
| 10:29 | Potion of Lesser Invulnerability |
| 10:32 | Archer |
| 10:46 | Archer |
| 11:33 | Drunken Haze |
| 12:14 | Moonstone |
| 12:14 | Lesser Clarity Potion |
| 12:15 | Staff of Preservation |
| 12:28 | Scroll of Healing |
| 12:30 | Potion of Invisibility |
| 13:07 | Cluster Rockets |
| 13:10 | Hippogryph |
| 13:10 | Hippogryph |
| 13:17 | Moon Well |
| 13:18 | Moon Well |
| 13:20 | Moon Well |
| 13:21 | Moon Well |
| 13:28 | Archer |
| 13:29 | Archer |
| 13:29 | Improved Bows |
| 13:33 | Tree of Eternity |
| 13:57 | Moonstone |
| 13:57 | Potion of Healing |
| 14:02 | Scroll of Town Portal |
| 14:54 | Mana Stone |
| 14:57 | Pendant of Energy |
| 15:18 | Archer |
| 15:19 | Archer |
| 15:19 | Archer |
| 15:19 | Archer |
| 15:25 | Moon Well |
| 15:27 | Hunter's Hall |
| 15:35 | Breath of Fire |
| 16:41 | Hippogryph |
| 16:41 | Hippogryph |
| 16:42 | Archer |
| 16:42 | Archer |
| 16:42 | Archer |
| 16:57 | Lesser Clarity Potion |
| 16:57 | Moonstone |
| 17:00 | Lesser Clarity Potion |
| 17:08 | Orb of Venom |
| 17:16 | Engineering Upgrade |
| 18:01 | Storm Earth and Fire |
| 18:31 | Cluster Rockets |
| 18:31 | Storm Earth and Fire |
| 18:48 | Hippogryph |
| 18:51 | Wisp |
| 19:00 | Moonstone |
| 19:00 | Moonstone |
| 19:02 | Potion of Healing |
| 19:02 | Potion of Mana |
| 19:09 | Moon Well |
| 19:16 | Well Spring |
| 19:18 | Strength of the Moon |
| 20:09 | Sobi Mask |
| 20:20 | Moon Well |
| 20:25 | Moon Armor |
| 21:09 | Tree of Life |
| 21:11 | Tree of Life |
| 23:33 | Lesser Clarity Potion |
| 23:34 | Tiny Great Hall |
| 24:21 | Scroll of Town Portal |
| 25:37 | Robo-Goblin |
| Right click | 1793 |
| Chat | 883 |
| Select group | 724 |
| Select | 510 |
| Use ability | 214 |
| Build/train/purchase | 157 |
| Assign group | 63 |
| Misc. action | 47 |
| Esc | 8 |
| Item give/drop | 7 |
| Minimap ping | 2 |



| Rod of Necromancy | 6 | 900 |
| Sacrificial Skull | 1 | 50 |
| Potion of Mana | 5 | 1000 |
| Orb of Corruption | 2 | 750 |
| Ritual Dagger | 1 | 125 |
| Dust of Appearance | 1 | 75 |
| Scroll of Town Portal | 4 | 1400 |
| Scroll of Healing | 2 | 500 |
| Scroll of Protection | 3 | 450 |
| Potion of Lesser Invulnerability | 1 | 150 |
| total: | 26 | 5400g |
| Acolyte | 8 | 600 | / | 0 |
| Ghoul | 1 | 120 | / | 0 |
| Crypt Fiend | 14 | 3010 | / | 560 |
| Frost Wyrm | 8 | 3080 | / | 960 |
| Goblin Shredder | 1 | 375 | / | 100 |
| total: | 32 | 7185g | / | 1620w |
| Spirit Tower | 1 | 145 | / | 40 |
| Graveyard | 1 | 215 | / | 0 |
| Crypt | 1 | 200 | / | 50 |
| Altar of Darkness | 1 | 180 | / | 50 |
| Ziggurat | 8 | 1200 | / | 400 |
| Tomb of Relics | 2 | 260 | / | 60 |
| Necropolis | 1 | 225 | / | 0 |
| Boneyard | 3 | 525 | / | 600 |
| Halls of the Dead | 1 | 320 | / | 210 |
| Black Citadel | 1 | 325 | / | 230 |
| total: | 17 | 2805g | / | 1160w |
| 0:05 | Acolyte |
| 0:10 | Graveyard |
| 0:17 | Crypt |
| 0:21 | Acolyte |
| 0:44 | Altar of Darkness |
| 1:06 | Ziggurat |
| 1:22 | Ghoul |
| 1:51 | Tomb of Relics |
| 1:53 | Tomb of Relics |
| 1:57 | Crypt Fiend |
| 2:05 | Ziggurat |
| 2:30 | Crypt Fiend |
| 2:54 | Death Coil |
| 2:59 | Rod of Necromancy |
| 3:02 | Crypt Fiend |
| 3:26 | Ziggurat |
| 3:46 | Unholy Aura |
| 3:50 | Crypt Fiend |
| 4:01 | Rod of Necromancy |
| 4:02 | Sacrificial Skull |
| 4:09 | Acolyte |
| 4:59 | Halls of the Dead |
| 5:04 | Goblin Shredder |
| 5:17 | Death Coil |
| 5:39 | Crypt Fiend |
| 5:57 | Dust of Appearance |
| 7:01 | Creature Attack |
| 7:02 | Creature Carapace |
| 7:05 | Necropolis |
| 7:24 | Black Citadel |
| 7:35 | Ziggurat |
| 7:58 | Web |
| 7:58 | Burrow |
| 8:12 | Crypt Fiend |
| 8:42 | Potion of Mana |
| 8:54 | Rod of Necromancy |
| 8:54 | Rod of Necromancy |
| 8:54 | Rod of Necromancy |
| 9:03 | Acolyte |
| 9:23 | Frost Nova |
| 9:28 | Unholy Aura |
| 9:45 | Orb of Corruption |
| 9:57 | Boneyard |
| 10:12 | Boneyard |
| 10:15 | Boneyard |
| 10:30 | Scroll of Protection |
| 10:56 | Scroll of Town Portal |
| 10:59 | Acolyte |
| 11:15 | Acolyte |
| 11:15 | Acolyte |
| 11:16 | Acolyte |
| 12:12 | Frost Wyrm |
| 12:35 | Frost Armor |
| 13:14 | Ziggurat |
| 13:14 | Ziggurat |
| 13:16 | Ziggurat |
| 13:18 | Crypt Fiend |
| 14:07 | Frost Wyrm |
| 14:12 | Frost Wyrm |
| 14:12 | Frost Wyrm |
| 14:12 | Frost Wyrm |
| 14:49 | Improved Creature Attack |
| 14:49 | Improved Creature Carapace |
| 14:57 | Carrion Swarm |
| 15:43 | Potion of Mana |
| 15:52 | Frost Wyrm |
| 15:54 | Crypt Fiend |
| 16:54 | Frost Wyrm |
| 16:56 | Death Coil |
| 17:20 | Crypt Fiend |
| 17:21 | Ziggurat |
| 18:10 | Frost Nova |
| 18:28 | Scroll of Town Portal |
| 18:28 | Potion of Mana |
| 18:31 | Frost Wyrm |
| 18:34 | Crypt Fiend |
| 18:41 | Freezing Breath |
| 19:32 | Sleep |
| 20:20 | Scroll of Town Portal |
| 20:20 | Potion of Mana |
| 20:34 | Potion of Mana |
| 20:36 | Ritual Dagger |
| 20:41 | Rod of Necromancy |
| 20:45 | Scroll of Healing |
| 20:47 | Orb of Corruption |
| 20:48 | Scroll of Healing |
| 21:10 | Scroll of Protection |
| 21:11 | Potion of Lesser Invulnerability |
| 21:21 | Advanced Creature Attack |
| 22:15 | Spirit Tower |
| 23:22 | Crypt Fiend |
| 24:13 | Scroll of Town Portal |
| 24:42 | Crypt Fiend |
| 25:07 | Scroll of Protection |
| 25:24 | Carrion Swarm |
| 25:37 | Frost Armor |
| 26:23 | Animate Dead |
| 26:31 | Crypt Fiend |
| 26:31 | Crypt Fiend |
| Right click | 1120 |
| Chat | 954 |
| Select group | 792 |
| Select | 421 |
| Misc. action | 169 |
| Build/train/purchase | 115 |
| Use ability | 110 |
| Assign group | 47 |
| Minimap ping | 19 |
| Item give/drop | 6 |
| Esc | 1 |


| Healing Salve | 1 | 100 |
| Scroll of Protection | 1 | 150 |
| Claws of Attack +6 | 1 | 125 |
| total: | 3 | 375g |
| Peon | 10 | 750 | / | 0 |
| Wind Rider | 30 | 7950 | / | 1200 |
| total: | 40 | 8700g | / | 1200w |
| Watch Tower | 2 | 220 | / | 160 |
| Altar of Storms | 1 | 180 | / | 50 |
| Orc Burrow | 6 | 960 | / | 240 |
| War Mill | 1 | 205 | / | 0 |
| Voodoo Lounge | 1 | 130 | / | 30 |
| Great Hall | 1 | 385 | / | 185 |
| Beastiary | 2 | 290 | / | 280 |
| Stronghold | 1 | 315 | / | 190 |
| Fortress | 1 | 325 | / | 190 |
| total: | 14 | 2370g | / | 945w |
| 0:10 | Altar of Storms |
| 0:11 | Peon |
| 0:28 | Orc Burrow |
| 0:32 | Peon |
| 0:32 | Peon |
| 0:45 | Peon |
| 0:52 | Peon |
| 1:04 | Peon |
| 1:52 | Stronghold |
| 2:17 | Critical Strike |
| 2:31 | War Mill |
| 3:15 | Orc Burrow |
| 4:13 | Beastiary |
| 4:14 | Beastiary |
| 4:16 | Peon |
| 4:16 | Peon |
| 4:23 | Orc Burrow |
| 4:51 | Peon |
| 5:16 | Wind Rider |
| 5:18 | Wind Rider |
| 5:23 | Orc Burrow |
| 5:47 | Voodoo Lounge |
| 5:49 | Steel Armor |
| 5:55 | Wind Rider |
| 5:58 | Healing Wave |
| 6:21 | Wind Rider |
| 7:17 | Hex |
| 7:27 | Wind Rider |
| 7:28 | Steel Ranged Weapons |
| 7:29 | Wind Rider |
| 7:33 | Orc Burrow |
| 8:14 | Wind Walk |
| 8:32 | Wind Rider |
| 9:00 | Wind Rider |
| 9:19 | Claws of Attack +6 |
| 9:46 | Wind Rider |
| 10:08 | Wind Walk |
| 10:11 | Healing Wave |
| 10:19 | Wind Rider |
| 10:53 | Wind Rider |
| 11:45 | Wind Rider |
| 13:02 | Wind Rider |
| 13:03 | Wind Rider |
| 13:37 | Wind Rider |
| 14:06 | Wind Rider |
| 14:15 | Thorium Armor |
| 14:35 | Scroll of Protection |
| 14:45 | Wind Rider |
| 15:36 | Wind Rider |
| 15:53 | Thorium Ranged Weapons |
| 16:56 | Wind Rider |
| 17:02 | Fortress |
| 18:21 | Wind Rider |
| 18:47 | Wind Rider |
| 19:04 | Great Hall |
| 19:48 | Wind Rider |
| 19:48 | Envenomed Spears |
| 20:33 | Wind Rider |
| 20:59 | Wind Rider |
| 21:24 | Orc Burrow |
| 21:53 | Watch Tower |
| 21:53 | Watch Tower |
| 22:32 | Hex |
| 23:03 | Peon |
| 23:18 | Critical Strike |
| 23:28 | Wind Rider |
| 23:33 | Healing Salve |
| 24:00 | Wind Rider |
| 24:37 | Wind Rider |
| 24:58 | Wind Rider |
| 25:30 | Wind Rider |
| 26:15 | Wind Rider |
| 26:53 | Wind Walk |
| Right click | 1016 |
| Select | 508 |
| Chat | 196 |
| Misc. action | 127 |
| Build/train/purchase | 81 |
| Use ability | 23 |
| Resource trade | 15 |
| Minimap ping | 8 |
| Remove unit | 2 |
| Esc | 1 |


| Rod of Necromancy | 3 | 450 |
| Sacrificial Skull | 1 | 50 |
| Potion of Mana | 2 | 400 |
| Orb of Corruption | 1 | 375 |
| Scroll of Healing | 7 | 1750 |
| Scroll of Town Portal | 4 | 1400 |
| Potion of Lesser Invulnerability | 2 | 300 |
| total: | 20 | 4725g |
| Acolyte | 8 | 600 | / | 0 |
| Ghoul | 2 | 240 | / | 0 |
| Crypt Fiend | 28 | 6020 | / | 1120 |
| Obsidian Statue | 2 | 400 | / | 70 |
| Abomination | 6 | 1440 | / | 420 |
| total: | 46 | 8700g | / | 1610w |
| Spirit Tower | 3 | 435 | / | 120 |
| Crypt | 2 | 400 | / | 100 |
| Graveyard | 1 | 215 | / | 0 |
| Altar of Darkness | 1 | 180 | / | 50 |
| Ziggurat | 8 | 1200 | / | 400 |
| Tomb of Relics | 1 | 130 | / | 30 |
| Necropolis | 3 | 675 | / | 0 |
| Slaughterhouse | 1 | 140 | / | 135 |
| Halls of the Dead | 1 | 320 | / | 210 |
| Black Citadel | 1 | 325 | / | 230 |
| total: | 17 | 2940g | / | 715w |
| 0:02 | Acolyte |
| 0:02 | Acolyte |
| 0:04 | Crypt |
| 0:05 | Crypt |
| 0:27 | Graveyard |
| 0:46 | Altar of Darkness |
| 0:55 | Ziggurat |
| 0:56 | Ziggurat |
| 1:10 | Ghoul |
| 1:33 | Tomb of Relics |
| 1:46 | Ghoul |
| 1:53 | Ziggurat |
| 1:57 | Ziggurat |
| 2:13 | Crypt Fiend |
| 2:39 | Crypt Fiend |
| 2:48 | Death Coil |
| 2:52 | Rod of Necromancy |
| 3:12 | Crypt Fiend |
| 3:30 | Acolyte |
| 4:14 | Halls of the Dead |
| 4:15 | Crypt Fiend |
| 4:39 | Unholy Aura |
| 4:57 | Ziggurat |
| 5:20 | Creature Attack |
| 5:51 | Sacrificial Skull |
| 5:58 | Rod of Necromancy |
| 6:08 | Crypt Fiend |
| 6:35 | Ziggurat |
| 6:42 | Death Coil |
| 7:03 | Crypt Fiend |
| 7:13 | Necropolis |
| 7:24 | Burrow |
| 7:34 | Slaughterhouse |
| 8:04 | Crypt Fiend |
| 8:31 | Spirit Tower |
| 8:39 | Rod of Necromancy |
| 8:42 | Potion of Mana |
| 8:45 | Frost Nova |
| 8:51 | Acolyte |
| 9:12 | Scroll of Healing |
| 9:41 | Web |
| 9:48 | Acolyte |
| 9:48 | Acolyte |
| 9:48 | Acolyte |
| 10:23 | Ziggurat |
| 10:24 | Acolyte |
| 10:40 | Obsidian Statue |
| 10:51 | Crypt Fiend |
| 10:52 | Scroll of Town Portal |
| 10:53 | Black Citadel |
| 11:13 | Scroll of Healing |
| 11:14 | Potion of Mana |
| 11:31 | Obsidian Statue |
| 11:34 | Death Pact |
| 12:08 | Crypt Fiend |
| 12:10 | Crypt Fiend |
| 12:11 | Improved Creature Attack |
| 12:11 | Creature Carapace |
| 12:16 | Frost Armor |
| 12:28 | Crypt Fiend |
| 13:15 | Crypt Fiend |
| 13:21 | Crypt Fiend |
| 13:27 | Spirit Tower |
| 13:42 | Crypt Fiend |
| 13:44 | Advanced Creature Attack |
| 14:25 | Abomination |
| 14:26 | Disease Cloud |
| 14:29 | Scroll of Healing |
| 14:29 | Potion of Lesser Invulnerability |
| 15:00 | Crypt Fiend |
| 15:23 | Abomination |
| 15:47 | Scroll of Town Portal |
| 15:51 | Orb of Corruption |
| 15:54 | Scroll of Healing |
| 15:54 | Scroll of Healing |
| 16:15 | Abomination |
| 16:15 | Crypt Fiend |
| 16:39 | Frost Nova |
| 17:11 | Crypt Fiend |
| 17:12 | Abomination |
| 17:13 | Unholy Armor |
| 17:45 | Crypt Fiend |
| 17:45 | Abomination |
| 18:18 | Crypt Fiend |
| 18:18 | Crypt Fiend |
| 18:53 | Scroll of Town Portal |
| 19:14 | Scroll of Healing |
| 19:15 | Scroll of Healing |
| 19:52 | Crypt Fiend |
| 19:54 | Ziggurat |
| 20:36 | Improved Unholy Armor |
| 20:37 | Unholy Strength |
| 20:41 | Crypt Fiend |
| 21:04 | Abomination |
| 21:04 | Crypt Fiend |
| 22:31 | Death Coil |
| 23:04 | Scroll of Town Portal |
| 25:00 | Necropolis |
| 25:07 | Crypt Fiend |
| 25:13 | Potion of Lesser Invulnerability |
| 25:38 | Necropolis |
| 26:25 | Frost Armor |
| 26:32 | Crypt Fiend |
| 26:50 | Crypt Fiend |
| 26:58 | Crypt Fiend |
| 26:59 | Crypt Fiend |
| Right click | 1580 |
| Select group | 1414 |
| Select | 468 |
| Misc. action | 193 |
| Build/train/purchase | 157 |
| Use ability | 67 |
| Assign group | 55 |
| Resource trade | 40 |
| Chat | 5 |
| Minimap ping | 4 |
| Item give/drop | 3 |
184 units @ 26.4k
/ 3.8k
84 buildings @ 13.3k
/ 6.4k

| Staff of Preservation | 1 | 150 |
| Anti-magic Potion | 1 | 100 |
| Dust of Appearance | 1 | 75 |
| Scroll of Town Portal | 3 | 1050 |
| Scroll of Healing | 1 | 250 |
| total: | 7 | 1625g |
| Wisp | 17 | 1020 | / | 0 |
| Archer | 22 | 2860 | / | 220 |
| Hippogryph | 19 | 3040 | / | 380 |
| Druid of the Talon | 2 | 290 | / | 40 |
| total: | 60 | 7210g | / | 640w |
| Altar of Elders | 1 | 180 | / | 50 |
| Moon Well | 5 | 900 | / | 200 |
| Ancient of War | 2 | 300 | / | 120 |
| Ancient of Wonders | 2 | 180 | / | 60 |
| Hunter's Hall | 1 | 210 | / | 100 |
| Tree of Life | 3 | 1020 | / | 555 |
| Ancient of Wind | 2 | 300 | / | 280 |
| Tree of Ages | 1 | 320 | / | 180 |
| Tree of Eternity | 1 | 330 | / | 200 |
| total: | 16 | 3090g | / | 1365w |
| 0:03 | Wisp |
| 0:03 | Wisp |
| 0:03 | Wisp |
| 0:06 | Altar of Elders |
| 0:18 | Moon Well |
| 0:26 | Ancient of War |
| 0:31 | Wisp |
| 0:31 | Wisp |
| 0:44 | Wisp |
| 0:56 | Wisp |
| 1:16 | Wisp |
| 1:16 | Wisp |
| 1:28 | Moon Well |
| 1:34 | Archer |
| 1:34 | Archer |
| 1:45 | Wisp |
| 1:56 | Ancient of War |
| 2:04 | Archer |
| 2:04 | Archer |
| 2:09 | Searing Arrows |
| 2:31 | Archer |
| 2:59 | Archer |
| 2:59 | Archer |
| 3:12 | Wisp |
| 3:12 | Wisp |
| 3:29 | Tree of Ages |
| 3:32 | Archer |
| 3:46 | Trueshot Aura |
| 3:50 | Moon Well |
| 4:16 | Ancient of Wonders |
| 4:17 | Ancient of Wonders |
| 4:20 | Hunter's Hall |
| 4:33 | Archer |
| 4:44 | Archer |
| 4:57 | Searing Arrows |
| 5:03 | Archer |
| 5:41 | Strength of the Moon |
| 6:25 | Ancient of Wind |
| 6:25 | Ancient of Wind |
| 6:31 | Dust of Appearance |
| 6:54 | Improved Bows |
| 6:56 | Wisp |
| 6:56 | Wisp |
| 6:56 | Wisp |
| 6:58 | Ultravision |
| 7:07 | Moon Well |
| 7:15 | Staff of Preservation |
| 7:36 | Druid of the Talon Adept Training |
| 7:37 | Hippogryph |
| 7:42 | Moon Well |
| 8:19 | Archer |
| 8:45 | Hippogryph |
| 9:09 | Hippogryph |
| 9:11 | Improved Strength of the Moon |
| 9:16 | Trueshot Aura |
| 9:41 | Archer |
| 9:43 | Wisp |
| 9:57 | Scroll of Town Portal |
| 10:07 | Hippogryph |
| 10:22 | Hippogryph |
| 10:58 | Scroll of Healing |
| 11:14 | Hippogryph |
| 11:43 | Moon Armor |
| 12:11 | Archer |
| 12:11 | Hippogryph |
| 12:33 | Hippogryph |
| 12:55 | Searing Arrows |
| 13:32 | Tree of Life |
| 13:34 | Archer |
| 13:47 | Hippogryph |
| 13:50 | Druid of the Talon |
| 14:10 | Archer |
| 14:39 | Archer |
| 14:42 | Tree of Eternity |
| 15:19 | Archer |
| 15:20 | Druid of the Talon |
| 15:49 | Tree of Life |
| 16:44 | Archer |
| 16:58 | Hippogryph |
| 17:21 | Scroll of Town Portal |
| 17:33 | Archer |
| 18:11 | Hippogryph |
| 18:47 | Wisp |
| 18:54 | Hippogryph |
| 18:57 | Archer |
| 19:14 | Scroll of Town Portal |
| 19:19 | Anti-magic Potion |
| 19:29 | Hippogryph |
| 20:07 | Hippogryph |
| 20:14 | Strength of the Wild |
| 20:45 | Hippogryph |
| 20:48 | Reinforced Hides |
| 21:16 | Nature's Blessing |
| 21:31 | Archer |
| 22:28 | Starfall |
| 23:29 | Hippogryph |
| 23:38 | Hippogryph |
| 23:54 | Hippogryph |
| 24:18 | Hippogryph |
| 25:49 | Tree of Life |
| Right click | 1488 |
| Select group | 1016 |
| Select | 506 |
| Build/train/purchase | 122 |
| Assign group | 112 |
| Use ability | 14 |
| Esc | 6 |
| Chat | 6 |
| Minimap ping | 3 |
| Item give/drop | 2 |
| Remove unit | 1 |



| Lesser Clarity Potion | 7 | 490 |
| Scroll of Regeneration | 5 | 500 |
| Potion of Mana | 3 | 600 |
| Potion of Healing | 2 | 300 |
| Orb of Fire | 1 | 325 |
| Staff of Sanctuary | 1 | 250 |
| Scroll of Town Portal | 2 | 700 |
| total: | 21 | 3165g |
| Peasant | 16 | 1200 | / | 0 |
| Footman | 6 | 810 | / | 0 |
| Rifleman | 18 | 3690 | / | 540 |
| Goblin Shredder | 2 | 750 | / | 200 |
| total: | 42 | 6450g | / | 740w |
| Altar of Kings | 1 | 180 | / | 50 |
| Barracks | 3 | 480 | / | 180 |
| Farm | 13 | 1040 | / | 260 |
| Town Hall | 4 | 1540 | / | 820 |
| Lumber Mill | 1 | 120 | / | 0 |
| Blacksmith | 1 | 140 | / | 60 |
| Arcane Vault | 2 | 260 | / | 60 |
| Gryphon Aviary | 6 | 840 | / | 900 |
| Keep | 2 | 640 | / | 420 |
| Castle | 2 | 720 | / | 420 |
| total: | 31 | 4600g | / | 2330w |
| 0:02 | Peasant |
| 0:02 | Peasant |
| 0:13 | Altar of Kings |
| 0:19 | Barracks |
| 0:24 | Peasant |
| 0:33 | Farm |
| 0:39 | Peasant |
| 0:49 | Farm |
| 0:52 | Peasant |
| 1:05 | Peasant |
| 1:21 | Footman |
| 1:26 | Peasant |
| 1:32 | Farm |
| 1:35 | Farm |
| 1:44 | Footman |
| 1:45 | Footman |
| 2:07 | Footman |
| 2:09 | Peasant |
| 2:20 | Summon Water Elemental |
| 2:38 | Peasant |
| 3:16 | Town Hall |
| 3:28 | Brilliance Aura |
| 3:30 | Town Hall |
| 3:35 | Lumber Mill |
| 3:39 | Footman |
| 4:01 | Farm |
| 4:24 | Blacksmith |
| 4:32 | Arcane Vault |
| 4:45 | Summon Water Elemental |
| 4:57 | Footman |
| 6:00 | Goblin Shredder |
| 6:00 | Goblin Shredder |
| 6:26 | Rifleman |
| 6:29 | Farm |
| 6:48 | Keep |
| 6:53 | Rifleman |
| 6:59 | Lesser Clarity Potion |
| 7:01 | Scroll of Regeneration |
| 7:03 | Scroll of Regeneration |
| 7:15 | Black Gunpowder |
| 7:15 | Refined Gunpowder |
| 7:18 | Farm |
| 7:22 | Barracks |
| 7:28 | Rifleman |
| 7:32 | Farm |
| 7:34 | Improved Lumber Harvesting |
| 7:35 | Improved Masonry |
| 7:35 | Advanced Masonry |
| 7:57 | Rifleman |
| 8:16 | Studded Leather Armor |
| 8:16 | Reinforced Leather Armor |
| 8:17 | Rifleman |
| 8:19 | Lesser Clarity Potion |
| 8:25 | Rifleman |
| 8:32 | Barracks |
| 8:49 | Rifleman |
| 9:02 | Rifleman |
| 9:29 | Long Rifles |
| 9:33 | Castle |
| 9:36 | Imbued Gunpowder |
| 9:41 | Scroll of Regeneration |
| 9:41 | Lesser Clarity Potion |
| 9:48 | Potion of Mana |
| 9:52 | Gryphon Aviary |
| 10:15 | Dragonhide Armor |
| 10:16 | Rifleman |
| 10:18 | Rifleman |
| 10:30 | Potion of Healing |
| 10:30 | Potion of Mana |
| 10:33 | Thunder Clap |
| 10:55 | Rifleman |
| 11:08 | Brilliance Aura |
| 12:38 | Storm Bolt |
| 12:56 | Rifleman |
| 12:56 | Rifleman |
| 12:58 | Scroll of Regeneration |
| 13:00 | Lesser Clarity Potion |
| 13:02 | Orb of Fire |
| 13:04 | Staff of Sanctuary |
| 13:05 | Scroll of Town Portal |
| 13:15 | Holy Light |
| 13:17 | Potion of Healing |
| 13:17 | Potion of Mana |
| 13:19 | Scroll of Regeneration |
| 13:51 | Rifleman |
| 14:45 | Gryphon Aviary |
| 14:47 | Gryphon Aviary |
| 14:48 | Gryphon Aviary |
| 14:50 | Gryphon Aviary |
| 14:51 | Gryphon Aviary |
| 16:17 | Divine Shield |
| 16:23 | Rifleman |
| 16:23 | Rifleman |
| 16:32 | Storm Bolt |
| 16:49 | Lesser Clarity Potion |
| 17:01 | Peasant |
| 17:01 | Peasant |
| 17:01 | Peasant |
| 17:01 | Peasant |
| 17:15 | Lesser Clarity Potion |
| 17:28 | Rifleman |
| 18:35 | Summon Water Elemental |
| 18:42 | Holy Light |
| 18:52 | Town Hall |
| 18:53 | Rifleman |
| 19:12 | Farm |
| 19:13 | Farm |
| 19:38 | Scroll of Town Portal |
| 19:39 | Lesser Clarity Potion |
| 19:57 | Peasant |
| 19:57 | Peasant |
| 20:07 | Peasant |
| 21:21 | Farm |
| 21:22 | Farm |
| 21:22 | Farm |
| 22:43 | Thunder Clap |
| 23:21 | Divine Shield |
| 23:50 | Town Hall |
| 25:13 | Arcane Vault |
| 26:19 | Storm Bolt |
| Right click | 1517 |
| Select group | 1273 |
| Misc. action | 512 |
| Select | 435 |
| Assign group | 230 |
| Build/train/purchase | 208 |
| Use ability | 93 |
| Minimap ping | 63 |
| Resource trade | 15 |
| Esc | 5 |
| Item give/drop | 1 |


| Healing Salve | 1 | 100 |
| Potion of Healing | 2 | 300 |
| Lesser Clarity Potion | 2 | 140 |
| Orb of Lightning | 1 | 375 |
| Scroll of Town Portal | 1 | 350 |
| total: | 7 | 1265g |
| Peon | 9 | 675 | / | 0 |
| Grunt | 3 | 600 | / | 0 |
| Troll Batrider | 31 | 4960 | / | 1240 |
| Kodo Beast | 2 | 510 | / | 120 |
| Wind Rider | 2 | 530 | / | 80 |
| Ice Troll Berserker | 1 | 245 | / | 30 |
| total: | 48 | 7520g | / | 1470w |
| Altar of Storms | 1 | 180 | / | 50 |
| Orc Burrow | 6 | 960 | / | 240 |
| Barracks | 1 | 180 | / | 50 |
| Voodoo Lounge | 1 | 130 | / | 30 |
| War Mill | 1 | 205 | / | 0 |
| Beastiary | 2 | 290 | / | 280 |
| Stronghold | 1 | 315 | / | 190 |
| Fortress | 1 | 325 | / | 190 |
| total: | 12 | 1945g | / | 650w |
| 0:02 | Peon |
| 0:02 | Peon |
| 0:09 | Altar of Storms |
| 0:20 | Orc Burrow |
| 0:22 | Peon |
| 0:35 | Barracks |
| 0:50 | Peon |
| 1:19 | Peon |
| 1:26 | Orc Burrow |
| 1:32 | Voodoo Lounge |
| 1:53 | Peon |
| 2:02 | Grunt |
| 2:09 | Peon |
| 2:21 | Mirror Image |
| 2:40 | Grunt |
| 3:35 | Stronghold |
| 3:41 | War Mill |
| 3:48 | Healing Salve |
| 4:01 | Ice Troll Berserker |
| 4:29 | Grunt |
| 4:36 | Critical Strike |
| 5:00 | Orc Burrow |
| 6:21 | Beastiary |
| 6:22 | Beastiary |
| 6:24 | Peon |
| 6:24 | Peon |
| 6:27 | Reinforced Defenses |
| 6:35 | Potion of Healing |
| 7:08 | Orc Burrow |
| 7:16 | Healing Wave |
| 7:41 | Orc Burrow |
| 8:07 | Troll Batrider |
| 8:32 | Scroll of Town Portal |
| 8:38 | Troll Batrider |
| 9:35 | Wind Walk |
| 9:38 | Fortress |
| 9:41 | Orc Burrow |
| 9:45 | Kodo Beast |
| 9:47 | Troll Batrider |
| 9:47 | Troll Batrider |
| 9:47 | Troll Batrider |
| 11:01 | Troll Batrider |
| 11:02 | Troll Batrider |
| 11:06 | Steel Melee Weapons |
| 12:19 | Troll Batrider |
| 12:19 | Troll Batrider |
| 12:19 | Troll Batrider |
| 12:40 | Hex |
| 13:32 | Wind Rider |
| 13:32 | Wind Rider |
| 14:02 | Lesser Clarity Potion |
| 14:03 | Lesser Clarity Potion |
| 14:19 | Potion of Healing |
| 14:26 | War Drums Damage Increase |
| 14:42 | Troll Batrider |
| 14:43 | Troll Batrider |
| 14:43 | Troll Batrider |
| 15:48 | Troll Batrider |
| 15:49 | Troll Batrider |
| 15:49 | Troll Batrider |
| 15:49 | Troll Batrider |
| 16:09 | Critical Strike |
| 16:19 | Liquid Fire |
| 16:22 | Troll Batrider |
| 16:22 | Troll Batrider |
| 16:22 | Troll Batrider |
| 17:03 | Orb of Lightning |
| 18:26 | Troll Batrider |
| 18:26 | Troll Batrider |
| 18:26 | Troll Batrider |
| 19:02 | Kodo Beast |
| 19:27 | Troll Batrider |
| 19:27 | Troll Batrider |
| 20:13 | Troll Batrider |
| 20:31 | Troll Batrider |
| 20:31 | Troll Batrider |
| 21:24 | Troll Batrider |
| 21:24 | Troll Batrider |
| 21:24 | Troll Batrider |
| 22:09 | Healing Wave |
| 26:39 | Critical Strike |
| Right click | 995 |
| Select | 324 |
| Select group | 189 |
| Assign group | 131 |
| Build/train/purchase | 99 |
| Use ability | 57 |
| Misc. action | 44 |
| Resource trade | 20 |
| Item give/drop | 2 |
| Remove unit | 1 |


| Lesser Clarity Potion | 5 | 350 |
| Healing Salve | 3 | 300 |
| Orb of Lightning | 1 | 375 |
| Tiny Great Hall | 1 | 600 |
| Scroll of Healing | 1 | 250 |
| Scroll of Town Portal | 4 | 1400 |
| Scroll of Protection | 1 | 150 |
| total: | 16 | 3425g |
| Peon | 10 | 750 | / | 0 |
| Grunt | 1 | 200 | / | 0 |
| Troll Headhunter | 5 | 700 | / | 100 |
| Raider | 2 | 360 | / | 80 |
| Shaman | 5 | 650 | / | 100 |
| Tauren | 5 | 1400 | / | 400 |
| Troll Witch Doctor | 3 | 435 | / | 75 |
| Spirit Walker | 2 | 390 | / | 70 |
| Goblin Shredder | 1 | 375 | / | 100 |
| total: | 34 | 5260g | / | 925w |
| Watch Tower | 10 | 1100 | / | 800 |
| Altar of Storms | 1 | 180 | / | 50 |
| Orc Burrow | 5 | 800 | / | 200 |
| Barracks | 1 | 180 | / | 50 |
| War Mill | 1 | 205 | / | 0 |
| Voodoo Lounge | 1 | 130 | / | 30 |
| Great Hall | 1 | 385 | / | 185 |
| Spirit Lodge | 2 | 300 | / | 300 |
| Beastiary | 1 | 145 | / | 140 |
| Tauren Totem | 2 | 270 | / | 310 |
| Stronghold | 1 | 315 | / | 190 |
| Fortress | 1 | 325 | / | 190 |
| total: | 25 | 3695g | / | 2065w |
| 0:04 | Peon |
| 0:05 | Peon |
| 0:07 | Altar of Storms |
| 0:22 | Orc Burrow |
| 0:26 | Peon |
| 0:38 | Barracks |
| 0:48 | Peon |
| 1:03 | Peon |
| 1:19 | War Mill |
| 1:39 | Grunt |
| 1:45 | Peon |
| 2:04 | Orc Burrow |
| 2:12 | Feral Spirit |
| 2:12 | Feral Spirit |
| 2:33 | Troll Headhunter |
| 2:58 | Voodoo Lounge |
| 3:07 | Troll Headhunter |
| 3:32 | Chain Lighting |
| 3:39 | Troll Headhunter |
| 3:41 | Stronghold |
| 3:56 | Troll Headhunter |
| 4:24 | Troll Headhunter |
| 4:32 | Orc Burrow |
| 5:05 | Feral Spirit |
| 6:06 | Spirit Lodge |
| 6:10 | Beastiary |
| 6:17 | Lesser Clarity Potion |
| 6:17 | Healing Salve |
| 6:32 | Goblin Shredder |
| 6:39 | Orc Burrow |
| 7:01 | War Stomp |
| 7:26 | Raider |
| 7:26 | Ensnare |
| 7:28 | Shaman Adept Training |
| 8:14 | Scroll of Healing |
| 8:14 | Scroll of Protection |
| 8:38 | Fortress |
| 8:38 | Shaman |
| 8:43 | Reinforced Defenses |
| 8:43 | Steel Ranged Weapons |
| 8:45 | Spiked Barricades |
| 9:20 | Chain Lighting |
| 9:26 | Great Hall |
| 9:29 | Watch Tower |
| 9:34 | Shaman |
| 9:36 | Raider |
| 9:38 | Tauren Totem |
| 9:52 | Lesser Clarity Potion |
| 10:05 | Scroll of Town Portal |
| 10:49 | Watch Tower |
| 11:03 | Tauren |
| 11:03 | Endurance Aura |
| 11:05 | Orc Burrow |
| 11:21 | Shaman Master Training |
| 12:59 | Watch Tower |
| 13:06 | Tauren |
| 13:08 | Tauren Totem |
| 13:10 | Steel Melee Weapons |
| 13:12 | Lesser Clarity Potion |
| 13:12 | Scroll of Town Portal |
| 13:12 | Healing Salve |
| 13:30 | Peon |
| 13:30 | Peon |
| 14:05 | Peon |
| 14:11 | Pulverize |
| 14:17 | Shaman |
| 14:18 | Steel Armor |
| 14:43 | Spirit Lodge |
| 14:45 | Tauren |
| 15:45 | Watch Tower |
| 15:47 | Watch Tower |
| 15:49 | Watch Tower |
| 15:51 | Shaman |
| 16:48 | Troll Witch Doctor |
| 16:49 | Chain Lighting |
| 16:51 | War Stomp |
| 16:59 | Scroll of Town Portal |
| 16:59 | Lesser Clarity Potion |
| 16:59 | Healing Salve |
| 17:09 | Troll Witch Doctor |
| 17:13 | Witch Doctor Adept Training |
| 17:19 | Lesser Clarity Potion |
| 17:20 | Orb of Lightning |
| 17:26 | Tauren |
| 18:34 | Shaman |
| 18:35 | Tauren |
| 18:55 | Witch Doctor Master Training |
| 18:56 | Troll Witch Doctor |
| 18:58 | Spirit Walker Adept Training |
| 18:58 | Spirit Walker |
| 20:15 | Tiny Great Hall |
| 20:40 | Scroll of Town Portal |
| 20:51 | Watch Tower |
| 20:52 | Watch Tower |
| 21:10 | Watch Tower |
| 21:12 | Watch Tower |
| 21:16 | Spirit Walker Master Training |
| 21:17 | Spirit Walker |
| 22:50 | Endurance Aura |
| 24:38 | Peon |
| Right click | 1611 |
| Select group | 813 |
| Select | 464 |
| Build/train/purchase | 135 |
| Use ability | 105 |
| Misc. action | 65 |
| Assign group | 39 |
| Item give/drop | 2 |
| Remove unit | 2 |
| Minimap ping | 1 |
⇛